 Dungeon Crawl Stone Soup version 0.24-a0-417-g1cce26a4d2 (webtiles) character file.

Game seed: 12263981109741469975

6739 Avack the Covert (level 10, -4/42 HPs)
             Began as a Felid Chaos Knight on June 10, 2019.
             Was a Plaything of Xom.
             Slain by a sixfirhy (12 damage)
             ... on level 2 of the Abyss.
             The game lasted 00:45:06 (14921 turns).

Avack the Covert (Felid Chaos Knight)              Turns: 14921, Time: 00:45:06

Health: -4/42      AC:  2    Str:  6    XL:     10   Next: 75%
Magic:  13/13      EV: 24    Int: 24    God:    Xom [.*....]
Gold:   644        SH:  0    Dex: 21    Spells: 0/9 levels left
                                        Lives:  0   Deaths: 3

rFire    + . .     SeeInvis +     - Unarmed
rCold    + . .     Gourm    .   (shield unavailable)
rNeg     . . .     Faith    .   (armour unavailable)
rPois    +         Spirit   .   (helmet unavailable)
rElec    .         Reflect  .   (cloak unavailable)
rCorr    .         Harm     .   (gloves unavailable)
MR       ++...                  (boots unavailable)
Stlth    +++++++...             k - amulet of regeneration
HPRegen  0.54/turn              b - ring "Saeg" {rF+ Int+4 Dex+3}
MPRegen  0.13/turn              h - +5 ring of intelligence

@: quick
A: very small, no armour, no weapons or thrown items, stealth, claws 1, fangs 3,
see invisible, carnivore, cold resistance 1, speed 1, frail 1, magic resistance
1, poison resistance, screaming 1, shaggy fur 2, slow metabolism 1, weak 1,
MP-powered wands, sharp paws
a: Renounce Religion


You were on level 2 of the Abyss.
You worshipped Xom.
You were a plaything of Xom.
You were very full.

You visited 2 branches of the dungeon, and saw 15 of its levels.
You visited the Abyss 1 time.
You also visited: Gauntlet.

You collected 764 gold pieces.
You spent 120 gold pieces at shops.

Inventory:

Jewellery
 b - the ring "Saeg" (left paw) {rF+ Int+4 Dex+3}
   (Xom gifted it to you on level 9 of the Dungeon)

   [ring of protection from fire]

   It affects your intelligence (+4).
   It affects your dexterity (+3).
   It protects you from fire.
 e - a +4 ring of intelligence
 g - a +4 ring of strength
 h - a +5 ring of intelligence (right paw)
 k - an amulet of regeneration (around neck)
 l - an uncursed ring of positive energy
Wands
 d - a wand of random effects (18)
 s - a wand of disintegration (15)
 w - a wand of iceblast (13)
 z - a wand of acid (9)
Scrolls
 f - 6 scrolls of remove curse
 i - 6 scrolls of teleportation
 q - 2 scrolls of summoning
 r - 3 scrolls of amnesia
 v - 2 scrolls of fog
 y - a scroll of magic mapping
Potions
 c - 6 potions of curing
 j - 3 potions of mutation
 m - 2 potions of ambrosia
 o - a potion of agility
 p - a potion of haste
 t - 2 potions of flight
 u - 3 potions of might
Comestibles
 a - 24 rations


   Skills:
 - Level 7.0 Fighting
 - Level 7.1 Dodging
 + Level 14.8 Stealth
 + Level 12.8 Unarmed Combat
 - Level 10.2 Hexes
 - Level 5.2 Ice Magic
 + Level 3.6 Evocations


You couldn't memorise any spells.
You knew the following spells:

 Your Spells              Type           Power        Failure   Level  Hunger
a - Confusing Touch       Hex            #####.       1%          1    ##.....
b - Confuse               Hex            #####...     1%          3    ####...
c - Metabolic Englaciati  Hex/Ice        #####.....   17%         5    ######.

Your spell library contained the following spells:

 Spells                   Type           Power        Failure   Level  Hunger
 Gell's Gravitas          Tloc           #.........   41%         3    ####...
 Yara's Violent Unravell  Hex/Tmut       ###.......   45%         5    ######.
 Petrify                  Tmut/Erth      #.......     82%         4    #####..


Dungeon Overview and Level Annotations

Branches:
Dungeon (9/15)             Temple (0/1) D:7            Lair (6/6) D:9
 Shoals (0/4) Lair:3
  Snake: Lair:2-4    Spider: Lair:2-4     Slime: Lair:5-6       Orc: D:9-12

Altars:
Ashenzari
Dithmenos
Kikubaaqudgha
Makhleb
Qazlal
Xom
Yredelemnul

Shops:
D:5 *%=   D:6 =

Annotations:
D:3 Grinder
D:8 2 transporters, 3 runed translucent doors, Amnesiac's ghost, novice OpTm
Lair:5 exclusion: oklob plant


Innate Abilities, Weirdness & Mutations

You cannot wear armour.
You are incapable of wielding weapons or throwing items.
Your paws allow you to move quietly. (Stealth)
You have sharp claws.
You have razor-sharp teeth.
You have supernaturally acute eyesight. (SInv)
You are carnivorous and can eat meat at any time.
You cover ground quickly.
You are covered in thick fur. (AC +2)
You have a slow metabolism.
Your sharp claws are effective at attacking unaware monsters.
Your flesh is cold resistant. (rC+)
You are frail. (-10% HP)
You are resistant to hostile enchantments. (MR+)
Your system is resistant to poisons. (rPois)
You occasionally shout uncontrollably at your foes.
You are weak. (Str -2)
You expend magic power (3 MP) to strengthen your wands.


Message History

Okay, then.
Okay, then.
You hear Xom's maniacal laughter.
You are now a toy of Xom.
The quasit misses you. The quasit completely misses you. The quasit misses you.
The sixfirhy completely misses you. x2; The sixfirhy hits you.
The sixfirhy shocks you! The quasit closely misses you.
The quasit completely misses you. x2
The sixfirhy misses you. "Just a minor improvement..."
You are now a plaything of Xom. "Serve the toy, my child!"
The sixfirhy hits you! The sixfirhy shocks you!
* * * LOW HITPOINT WARNING * * *
A shower of butterflies erupts from you!
The sixfirhy completely misses you. The sixfirhy hits you.
* * * LOW HITPOINT WARNING * * *
The sixfirhy shocks you!
You die...
Xom howls with laughter!

##. .. ## ###
..## .##..#...
.#.#..# #.....
#...# .# .
##5@#### ..#
#.#3#. # ....
##...b.#
......#.bb.#
#..#.#..._# .
#..###.._.....#
..
####..5##._..##.
#..#ยงยง
#55...#.#...
#......5#
###....


You could see a sixfirhy, a crimson imp, an ufetubus and a friendly shadow imp.

Vanquished Creatures
  Rupert (Lair:4)
  A hydra (Lair:1)
  4 elephants (Lair:4)
  A black mamba (Lair:2)
  A merfolk siren (Lair:3)
  8 spiny frogs
  2 rime drakes (Lair:2)
  6 komodo dragons
  A polar bear (Lair:4)
  A jumping spider (Lair:2)
  11 blink frogs
  A troll (D:9)
  5 hippogriffs
  A spriggan (D:8)
  Sigmund (D:2)
  A wyvern (D:8)
  8 yaks
  A hungry ghost (D:8)
  A chaos spawn (Abyss:2)
  Menkaure (D:5)
  Duvessa (D:7)
  6 water moccasins
  A phantom (D:8)
  6 porcupines
  2 sky beasts
  An orc warrior (D:9)
  3 black bears (D:9)
  3 ice beasts
  2 necrophages (D:8)
  3 centaurs
  An ogre (D:9)
  6 wolves
  A big kobold (D:7)
  6 crocodiles
  14 bullfrogs
  Blork the orc (D:5)
  3 scorpions
  3 wights (D:6)
  3 crimson imps
  6 orc priests
  2 centaur skeletons
  4 hounds
  Crazy Yiuf (D:4)
  2 bullfrog skeletons
  4 orc wizards
  5 worker ants
  4 gnolls (D:8)
  9 adders
  A shadow imp (D:5)
  An ooze (D:3)
  An adder zombie (D:5)
  2 adder skeletons
  3 worms
  2 dart slugs (D:3)
  2 leopard geckos (D:3)
  20 orcs
  2 giant cockroaches
  3 hobgoblins
  9 jackals
  8 kobolds
  A quokka (D:2)
  3 ball pythons
  15 bats
  4 frilled lizards
  3 goblins
  A jackal zombie (D:6)
  A quokka zombie (D:5)
  3 rats
  4 fungi (Lair:5)
249 creatures vanquished.

Vanquished Creatures (collateral kills)
  Harold (Lair:1)
  Nergalle (Lair:2)
  An orc warrior (D:8)
  An ogre (D:7)
  2 bullfrogs
  Dowan (D:7)
  5 orc wizards
  2 worker ants
  2 leopard geckos
  5 orcs
21 creatures vanquished.

Vanquished Creatures (others)
  5 dream sheep (Lair:3)
  2 slaves (D:7)
  A wolf (Lair:3)
  A bullfrog (D:7)
  A bullfrog zombie (D:7)
  An orc priest (D:7)
  An orc wizard (D:7)
  A leopard gecko (D:7)
  2 orcs (D:7)
  A bush (Lair:3)
  A butterfly (Lair:3)
  35 fungi
  5 plants
57 creatures vanquished.

Grand Total: 327 creatures vanquished

Notes
Turn   | Place    | Note
-------+----------+-------------------------------------------
     0 | D:1      | Avack the Felid Chaos Knight began the quest for the Orb.
     0 | D:1      | Reached XP level 1. HP: 10/10 MP: 2/2
   253 | D:1      | XOM: harmless Ice miscast
   270 | D:1      | Reached skill level 1 in Stealth
   287 | D:1      | XOM: silly message
   444 | D:1      | Reached XP level 2. HP: 14/14 MP: 3/3
   505 | D:1      | XOM: divination: detect creatures
   778 | D:1      | XOM: harmless Tmut miscast
   856 | D:1      | XOM: give mutations
   856 | D:1      | Gained mutation: You tend to lose your temper in combat.
                  | [Xom's mischief]
   856 | D:1      | Gained mutation: You occasionally shout uncontrollably at
                  | your foes. [Xom's mischief]
   856 | D:1      | Lost mutation: You tend to lose your temper in combat.
                  | [Xom's mischief]
   931 | D:2      | Reached skill level 2 in Stealth
  1069 | D:2      | Reached XP level 3. HP: 17/17 MP: 4/4
  1089 | D:2      | Noticed Terence
  1099 | D:2      | XOM: harmless Ice miscast
  1100 | D:2      | Noticed Terence
  1100 | D:2      | Terence changed into Terence the jackal
  1100 | D:2      | XOM: polymorph Terence -> Terence the jackal
  1110 | D:2      | Killed Terence the jackal
  1146 | D:2      | Noticed Sigmund
  1317 | D:2      | XOM: 1-stop teleportation journey
  1645 | D:2      | XOM is BORED!
  1645 | D:2      | XOM: confusion
  1646 | D:2      | XOM: enchant monster (good)
  1646 | D:2      | XOM: smoke on damage
  1655 | D:2      | Killed Sigmund
  1655 | D:2      | Reached skill level 4 in Stealth
  1655 | D:2      | Reached skill level 5 in Unarmed Combat
  1655 | D:2      | Reached XP level 4. HP: 21/21 MP: 5/5
  1655 | D:2      | Reached XP level 5. HP: 24/24 MP: 6/6
  1906 | D:3      | Found a shattered altar of Ashenzari.
  1943 | D:3      | Found a stormy altar of Qazlal.
  2019 | D:3      | XOM: enchant monster (good)
  2062 | D:3      | Gained mutation: You are covered in thick fur. (AC +2)
                  | [Felid growth]
  2062 | D:3      | Reached XP level 6. HP: 15/28 MP: 7/7
  2231 | D:3      | Noticed Grinder
  2350 | D:3      | XOM: god gift: scroll labeled LINUID WECE {god gift}
  2624 | D:4      | Reached skill level 5 in Stealth
  2773 | D:4      | XOM: 2-stop teleportation journey
  2784 | D:4      | XOM: mild Fire miscast
  2812 | D:4      | XOM: enchant monster (good)
  2934 | D:4      | XOM: scenery: create altars
  3071 | D:4      | Killed themself with a badly aimed iceblast
  3072 | D:4      | Reached XP level 5. HP: -9/24 MP: 6/6
  3083 | D:4      | Reached XP level 6. HP: 28/28 MP: 7/7
  3295 | D:4      | Reached skill level 6 in Stealth
  3326 | D:4      | Found a shadowy altar of Dithmenos.
  3414 | D:4      | Found a runed translucent door.
  3417 | D:4      | Noticed Crazy Yiuf
  3480 | D:4      | XOM: butterfly on damage
  3485 | D:4      | Killed Crazy Yiuf
  3534 | D:5      | Entered Level 5 of the Dungeon
  3579 | D:5      | Noticed Menkaure
  3582 | D:5      | Killed Menkaure
  3610 | D:5      | Found Nahipeit's Food Boutique.
  3633 | D:5      | Found Suimaum's General Store.
  3640 | D:5      | Bought a potion of heal wounds for 75 gold pieces
  3640 | D:5      | Bought a scroll of teleportation for 45 gold pieces
  3675 | D:5      | XOM: snakes to sticks
  3705 | D:5      | XOM: summons 4 friendly demons
  3708 | D:5      | Reached XP level 7. HP: 27/31 MP: 8/8
  3713 | D:5      | Found a burning altar of Makhleb.
  3726 | D:5      | Found Toraud's Jewellery Shoppe.
  3869 | D:5      | Noticed Blork the orc
  3871 | D:5      | Killed Blork the orc
  3881 | D:5      | XOM: give mutations
  3881 | D:5      | Gained mutation: Your system is resistant to poisons.
                  | (rPois) [Xom's grace]
  3881 | D:5      | Gained mutation: Your flesh is cold resistant. (rC+) [Xom's
                  | grace]
  3881 | D:5      | Gained mutation: You expend magic power (3 MP) to
                  | strengthen your wands. [Xom's grace]
  3881 | D:5      | Gained mutation: You are resistant to hostile enchantments.
                  | (MR+) [Xom's grace]
  4081 | D:5      | Found a basalt altar of Yredelemnul.
  4156 | D:5      | XOM: polymorph bat -> goblin
  4375 | D:6      | XOM: 2-stop teleportation journey
  4418 | D:6      | XOM: cloud trail
  4515 | D:6      | XOM: potion effect (heal wounds)
  4516 | D:6      | Reached skill level 7 in Stealth
  4527 | D:6      | XOM: confusion (+ monsters)
  4529 | D:6      | XOM: confuse monster(s)
  4601 | D:6      | Learned a level 1 spell: Confusing Touch
  4605 | D:6      | Learned a level 3 spell: Confuse
  4811 | D:6      | XOM: mild Ice miscast
  4834 | D:6      | XOM: 8-stop teleportation journey
  4931 | D:6      | XOM: 2-stop teleportation journey
  4939 | D:6      | XOM: cloud trail
  4972 | D:6      | Found Jyrhuf's Jewellery Shoppe.
  4977 | D:6      | XOM: 10-stop teleportation journey
  5184 | D:6      | Reached XP level 8. HP: 28/34 MP: 4/9
  5210 | D:6      | Reached skill level 5 in Hexes
  5449 | D:7      | XOM: 7-stop teleportation journey
  5454 | D:7      | Noticed Pikel
  5474 | D:6      | Noticed Pikel
  5474 | D:6      | Pikel changed into Pikel the ice beast
  5474 | D:6      | XOM: polymorph Pikel -> Pikel the ice beast
  5501 | D:6      | XOM: divination: detect creatures
  5666 | D:6      | Killed Pikel the ice beast
  5754 | D:7      | XOM: 1-stop teleportation journey
  5761 | D:7      | XOM: smoke on damage
  5796 | D:7      | Noticed a hippogriff
  5959 | D:7      | Killed a hippogriff
  6090 | D:7      | XOM: god gift: 37 gold pieces
  6095 | D:7      | XOM: god gift: runed arbalest {god gift}
  6114 | D:7      | Found a staircase to the Ecumenical Temple.
  6168 | D:7      | XOM: medium Necr miscast
  6310 | D:7      | XOM: smoke on damage
  6318 | D:7      | XOM: smoke on damage
  6406 | D:7      | Noticed Duvessa
  6407 | D:7      | Noticed Dowan
  6408 | D:7      | XOM: destruction
  6436 | D:7      | XOM: cast spell 'Leda's Liquefaction'
  6458 | D:7      | XOM: divination: magic mapping
  6528 | D:7      | Killed Dowan
  6532 | D:7      | XOM: cast spell 'Ring of Flames'
  6666 | D:7      | Killed Duvessa
  6695 | D:7      | Reached skill level 8 in Stealth
  6923 | D:8      | Noticed a slime creature
  6924 | D:8      | Noticed a slime creature
  6958 | D:8      | Reached XP level 9. HP: 37/37 MP: 10/10
  6993 | D:8      | Found a transporter.
  6997 | D:8      | Found a transporter.
  7052 | D:8      | XOM: scenery: create altars
  7053 | D:8      | XOM: enchant monster (good)
  7117 | D:8      | XOM: give mutation
  7117 | D:8      | Gained mutation: Your body sometimes deteriorates upon
                  | taking damage. [Xom's mischief]
  7161 | D:8      | Found a runed translucent gate.
  7165 | D:8      | Found a runed translucent gate.
  7166 | D:8      | Found a runed translucent gate.
  7169 | D:8      | Noticed Amnesiac's ghost (novice OpTm)
  7214 | D:8      | Reached skill level 9 in Stealth
  7302 | D:8      | XOM: noise
  7324 | D:8      | XOM: harmless Ice miscast
  7475 | D:8      | Found an ancient bone altar of Kikubaaqudgha.
  7618 | D:8      | Reached skill level 10 in Unarmed Combat
  7630 | D:8      | XOM: draining
  7716 | D:8      | Reached skill level 10 in Stealth
  7794 | D:8      | XOM: summons 1 hostile shadow creature
  7950 | D:9      | XOM: harmless Necr miscast
  7976 | D:9      | Reached skill level 10 in Hexes
  8060 | D:9      | XOM: noise
  8358 | D:9      | Found a staircase to the Lair.
  8367 | D:9      | XOM: noise
  8372 | D:9      | XOM: silly message
  8381 | D:9      | XOM: blink monster(s)
  8448 | D:9      | XOM: noise
  8453 | D:9      | XOM: blink monster(s)
  8471 | D:9      | XOM: confusion
  8472 | D:9      | XOM: severe Chrm miscast
  8480 | D:9      | XOM: fog
  8486 | D:9      | XOM: divination: detect items
  8489 | D:9      | Reached XP level 10. HP: 32/42 MP: 1/11
  8820 | D:9      | XOM: god gift: slimy bone ring {god gift}
  8821 | D:9      | Got a slimy bone ring {god gift}
  8828 | D:9      | Identified the ring "Saeg" {rF+ Int+4 Dex+3} (Xom gifted it
                  | to you on level 9 of the Dungeon)
  8908 | D:9      | Reached skill level 5 in Dodging
  9068 | D:9      | XOM: god gift: 5 curare-tipped darts
  9178 | D:9      | Learned a level 5 spell: Metabolic Englaciation
  9410 | Lair:1   | Entered Level 1 of the Lair of Beasts
  9538 | Lair:1   | Reached skill level 11 in Stealth
  9543 | Lair:1   | XOM: cast spell 'Ring of Flames'
  9583 | Lair:1   | Noticed a spiny frog
  9588 | Lair:1   | Noticed an eight-headed hydra
  9590 | Lair:1   | Killed a spiny frog
  9590 | Lair:1   | Reached skill level 5 in Fighting
  9598 | Lair:1   | Killed an eight-headed hydra
  9613 | Lair:1   | XOM: god gift: scroll labeled OCSA BUYFOSE {god gift}
  9769 | Lair:1   | XOM: cast spell 'Summon Ice Beast'
  9776 | Lair:1   | XOM: divination: detect creatures
  9787 | Lair:1   | XOM: divination: magic mapping
  9803 | Lair:1   | XOM: butterfly on damage
  9937 | Lair:1   | XOM: mild Necr miscast
  9940 | Lair:1   | Reached XP level 11. HP: 49/49 MP: 12/12
 10106 | Lair:1   | Noticed Harold
 10125 | Lair:1   | Killed Harold
 10191 | Lair:1   | XOM: scenery: create altars
 10362 | Lair:1   | Reached skill level 12 in Stealth
 10409 | Lair:2   | Reached skill level 1 in Ice Magic
 10481 | Lair:2   | XOM: cast spell 'Dispersal'
 10484 | Lair:2   | XOM: divination: detect items
 10503 | Lair:2   | Found a gate leading to a gauntlet.
 10509 | Lair:2   | XOM: confuse monster(s)
 10522 | Lair:2   | XOM: enchant monster (bad)
 10551 | Gauntlet | Entered a Gauntlet
 10551 | Gauntlet | Found a transporter.
 10551 | Gauntlet | Found a transporter.
 10551 | Gauntlet | Found a transporter.
 10551 | Gauntlet | Noticed an unseen horror
 10552 | Gauntlet | Found a transporter.
 10555 | Gauntlet | Found a transporter.
 10556 | Gauntlet | Found a transporter.
 10565 | Gauntlet | Noticed a tengu warrior
 10566 | Gauntlet | Found a transporter.
 10570 | Gauntlet | Found a transporter.
 10580 | Gauntlet | Noticed a wizard
 10586 | Gauntlet | Found a transporter.
 10586 | Gauntlet | Found a transporter.
 10587 | Gauntlet | Noticed an obsidian statue
 10604 | Gauntlet | Found a transporter.
 10608 | Gauntlet | Found a transporter.
 10650 | Gauntlet | an unseen horror changed into a spiny frog
 10694 | Gauntlet | Noticed a wizard
 11088 | Lair:2   | XOM: mild Air miscast
 11291 | Lair:2   | XOM: harmless Tloc miscast
 11303 | Lair:2   | Xom revived you
 11343 | Lair:2   | XOM: scenery: create altars
 11386 | Lair:2   | Noticed Nergalle
 11561 | Lair:2   | XOM: polymorph hippogriff -> jumping spider
 11563 | Lair:2   | XOM: destruction
 11600 | Lair:2   | XOM: 2-stop teleportation journey
 11674 | Lair:2   | XOM: god gift: ration
 11694 | Lair:2   | Noticed a spectral orc warlord
 11695 | Lair:2   | Killed Nergalle
 11912 | Lair:2   | XOM: mild Erth miscast
 12153 | Lair:3   | XOM: blink monster(s)
 12156 | Lair:3   | XOM: smoke on damage
 12238 | Lair:3   | Reached skill level 13 in Stealth
 12412 | Lair:3   | XOM: destruction
 12551 | Lair:3   | XOM: harmless Hex miscast
 12572 | Lair:3   | XOM: swap monsters
 12587 | Lair:3   | XOM: cast spell 'Cause Fear'
 12601 | Lair:3   | XOM: cast spell 'Metabolic Englaciation'
 12765 | Lair:3   | XOM: scenery: create altars
 12809 | Lair:3   | XOM: 5-stop teleportation journey
 12881 | Lair:3   | You fall into a shaft and drop 3 floors!
 12881 | Lair:6   | Entered Level 6 of the Lair of Beasts
 12892 | Lair:6   | XOM: summons friendly ufetubus
 13070 | Lair:5   | Noticed a six-headed hydra
 13072 | Lair:5   | XOM: blink monster(s)
 13085 | Lair:5   | XOM: confuse monster(s)
 13114 | Lair:5   | XOM: divination: detect items
 13261 | Lair:5   | Noticed a five-headed hydra
 13263 | Lair:5   | Noticed a seven-headed hydra
 13278 | Lair:5   | XOM: confusion
 13286 | Lair:5   | XOM: confuse monster(s)
 13289 | Lair:5   | HP: 2/50 [seven-headed hydra (10)]
 13289 | Lair:5   | Slain by a seven-headed hydra
 13290 | Lair:5   | Reached XP level 10. HP: -4/47 MP: 3/11
 13327 | Lair:5   | Noticed a spiny frog
 13328 | Lair:5   | Noticed an oklob plant
 13331 | Lair:4   | Noticed Rupert
 13335 | Lair:4   | Killed Rupert
 13335 | Lair:4   | Reached skill level 14 in Stealth
 13335 | Lair:4   | Reached skill level 5 in Ice Magic
 13335 | Lair:4   | Reached XP level 11. HP: 50/50 MP: 9/12
 13384 | Lair:4   | XOM: enchant monster (good)
 13397 | Lair:4   | XOM: noise
 13400 | Lair:4   | XOM: confuse monster(s)
 13407 | Lair:4   | Reached skill level 1 in Evocations
 13427 | Lair:4   | XOM: confuse monster(s)
 13431 | Lair:4   | XOM: divination: detect items
 13431 | Lair:4   | XOM: butterfly on damage
 13435 | Lair:4   | XOM: cast spell 'Ring of Flames'
 13511 | Lair:4   | XOM: potion effect (berserk rage)
 13530 | Lair:4   | XOM: confuse monster(s)
 13552 | Lair:4   | XOM: summons 4 friendly demons
 13584 | Lair:4   | XOM: mild Air miscast
 13678 | Lair:4   | XOM: cast spell 'Summon Ice Beast'
 13705 | Lair:4   | XOM: cast spell 'Disjunction'
 13707 | Lair:4   | XOM: confuse monster(s)
 13726 | Lair:4   | XOM: fake destruction
 13970 | Lair:3   | Found a staircase to the Shoals.
 13989 | Lair:3   | XOM: polymorph butterfly -> ball python
 13995 | Lair:3   | Found a shimmering altar of Xom.
 14074 | Lair:3   | XOM: god gift: ration
 14364 | Lair:3   | XOM: butterfly on damage
 14365 | Lair:3   | XOM: confusion
 14411 | Lair:3   | XOM: summons 5 hostile demons
 14417 | Lair:3   | XOM: torment (26/50 hp)
 14425 | Lair:3   | XOM: chaos cloud
 14519 | Lair:4   | XOM: harmless Tmut miscast
 14666 | Lair:4   | XOM: summons friendly white imp
 14695 | Lair:4   | XOM: severe Tloc miscast
 14695 | Lair:4   | Cast into level 2 of the Abyss (the severe capriciousness
                  | of Xom)
 14720 | Abyss:2  | Noticed a glowing orange brain
 14723 | Abyss:2  | Noticed a thrashing horror
 14813 | Abyss:2  | XOM: summons 1 hostile demon
 14821 | Abyss:2  | XOM: give mutations
 14821 | Abyss:2  | Gained mutation: You are weak. (Str -2) [Xom's mischief]
 14821 | Abyss:2  | Lost mutation: Your body sometimes deteriorates upon taking
                  | damage. [Xom's mischief]
 14821 | Abyss:2  | Gained mutation: You are frail. (-10% HP) [Xom's mischief]
 14860 | Abyss:2  | Slain by a large abomination
 14861 | Abyss:2  | Reached XP level 10. HP: -2/42 MP: 10/13
 14909 | Abyss:2  | Noticed a sixfirhy
 14913 | Abyss:2  | XOM: summons 5 hostile demons
 14918 | Abyss:2  | XOM: scenery: create altars
 14919 | Abyss:2  | Noticed a great orb of eyes
 14920 | Abyss:2  | XOM: summons friendly shadow imp
 14920 | Abyss:2  | XOM: butterfly on damage
 14921 | Abyss:2  | Slain by a sixfirhy

Levels and vault maps discovered:
D:1:      dpeg_arrival_connections, layout_basic, minmay_misc_feat_plants
D:2:      layout_loops_ring, first_ration, uniq_terence, uniq_sigmund
D:3:      layout_loops_ring, lemuel_doored_altar,
          nicolae_overflow_hidden_temple, nicolae_ashenzari_panopticon,
          uniq_grinder
D:4:      layout_gridville, grunt_dithmenos_smoke, uniq_crazy_yiuf_cottage
D:5:      layout_loops_ring, kennysheep_little_box, basic_altar, serial_shops,
          nicolae_shop_statue_plus, shop, shop, minivault_25, roderic_batcave,
          uniq_menkaure, uniq_blork_the_orc
D:6:      layout_basic, serial_shops, nicolae_shop_trees
D:7:      layout_layer_cave, minmay_temple_entry_proselytizer, uniq_duvessa,
          uniq_pikel
D:8:      gammafunk_jiyva_shrine, layout_cave_pods, basic_altar,
          ebering_ghost_rock_garden, the_bakery
D:9:      layout_stronghold, due_lair_maze_entry_diamond
Lair:1:   layout_gridlike, infiniplex_staircase_pool_2, uniq_harold
Lair:2:   layout_cave_pods, gauntlet_entry_generic, uniq_nergalle
Lair:3:   layout_cave_shapes, minmay_shoals_entry_lonely_mermaid,
          kb_xom_exploding_sheep, lemuel_fruit_fields
Lair:4:   layout_loops_ring, guppyfry_snake_entry_garden, st_stairs_7,
          eino_small_chamber_without_monster, uniq_rupert
Lair:5:   layout_regular_city, nicolae_slime_entry_slimehenge, tgw_fedhas,
          grunt_megastairs_2
Lair:6:   due_jungle_book, layout_regular_city
Abyss:2

Skill      XL: |  1  2  3  4  5  6  7  8  9 10 11 |
---------------+----------------------------------+-----
Stealth        | 1 2 4 6 7 8 10 14 13 | 14.8
Unarmed Combat | 5 7 8 9 10 11 12 | 12.8
Hexes          | 3 8 10 | 10.2
Dodging        | 7 |  7.1
Fighting       | 6 7 |  7.0
Ice Magic      | 5 4 |  5.2
Evocations     | 3 |  3.6

Action                   |  1- 3 |  4- 6 |  7- 9 | 10-12 || total
-------------------------+-------+-------+-------+-------++-------
Melee: Unarmed           |    70 |   126 |   311 |   328 ||   835
       Bite              |     1 |    14 |    37 |    45 ||    97
       Punch             |     1 |     2 |    14 |    22 ||    39
 Cast: Confusing Touch   |       |       |    34 |    50 ||    84
       Confuse           |       |       |    32 |    53 ||    85
       Metabolic Englaci |       |       |       |    20 ||    20
Evoke: Wand              |       |    12 |     7 |     4 ||    23
       Sack of spiders   |       |       |       |     2 ||     2
  Use: Scroll            |     6 |     5 |     8 |    15 ||    34
       Potion            |     3 |       |     5 |     1 ||     9
 Stab: Sleeping          |     8 |     7 |    14 |    22 ||    51
       Petrified         |       |     1 |       |       ||     1
       Confused          |       |       |    30 |    54 ||    84
       Distracted        |       |       |       |     1 ||     1
  Eat: Chunk             |     8 |     9 |    16 |    40 ||    73
Armor: Skin              |     2 |     7 |    26 |    12 ||    47
Dodge: Dodged            |    47 |    87 |   213 |   304 ||   651

Table legend:
 A = Non-vault XP
 B = Vault XP
 C = Vault XP percentage of total XP
 D = Non-vault monster count
 E = Vault monster count
 F = Vault count percentage of total count
                 A         B        C        D         E       F
            +---------+---------+-------+---------+---------+-------
      Total |   23710 |    6389 |  21.2 |     234 |      34 |  12.7
            +---------+---------+-------+---------+---------+-------
        D:1 |      19 |       0 |   0.0 |      12 |       0 |   0.0
        D:2 |      47 |     229 |  83.0 |      12 |       2 |  14.3
        D:3 |     128 |       0 |   0.0 |      23 |       0 |   0.0
        D:4 |     390 |      39 |   9.1 |      15 |       1 |   6.2
        D:5 |      81 |     271 |  77.0 |       8 |      11 |  57.9
        D:6 |     766 |     127 |  14.2 |      14 |       1 |   6.7
        D:7 |     699 |     155 |  18.1 |      21 |       2 |   8.7
        D:8 |    1624 |     229 |  12.4 |      25 |       1 |   3.8
        D:9 |    1296 |    1043 |  44.6 |      26 |      11 |  29.7
     Lair:1 |    5607 |     502 |   8.2 |      23 |       1 |   4.2
     Lair:2 |    3945 |     513 |  11.5 |      18 |       1 |   5.3
     Lair:3 |    3337 |     452 |  11.9 |      12 |       2 |  14.3
     Lair:4 |    4086 |    2829 |  40.9 |      15 |       1 |   6.2
     Lair:5 |    1293 |       0 |   0.0 |       7 |       0 |   0.0
     Lair:6 |     216 |       0 |   0.0 |       2 |       0 |   0.0
    Abyss:2 |     176 |       0 |   0.0 |       1 |       0 |   0.0
            +---------+---------+-------+---------+---------+-------
